 Dungeon Crawl Stone Soup version 0.29-a0-824-gd827844252 (webtiles) character file.

Game seed: 8817958424047754736

483 wilfster70 the Geomancer (level 7, -12/36 HPs)
             Began as a Gargoyle Earth Elementalist on July 8, 2022.
             Mangled by an orc warrior
             ... wielding a +0 scimitar
              (17 damage)
             ... on level 6 of the Dungeon on July 10, 2022.
             The game lasted 00:08:19 (3515 turns).

wilfster70 the Geomancer (GrEE)                     Turns: 3515, Time: 00:08:20

Health: -12/36     AC:  7    Str: 11    XL:     7   Next: 12%
Magic:  18/22      EV: 12    Int: 18    God:
Gold:   45         SH:  0    Dex: 10    Spells: 10/14 levels left

rFire   . . .      SeeInvis .   a - +0 trident
rCold   . . .      Faith    .   (no shield)
rNeg    + . .      Spirit   .   d - +1 robe
rPois   ∞          Reflect  .   (no helmet)
rElec   +          Harm     .   (no cloak)
rCorr   .          Rampage  .   (no gloves)
Will    .....                   (no boots)
Stlth   ++........              (no amulet)
HPRegen 0.12/turn               e - ring of magical power
MPRegen 0.18/turn               (no ring)

@: marked
A: sickness immunity, AC +4, negative energy resistance 1, electricity
resistance, torment resistance 1, petrification resistance
a: no special abilities


You were on level 6 of the Dungeon.
You visited 1 branch of the dungeon, and saw 5 of its levels.

You collected 165 gold pieces.
You spent 120 gold pieces at shops.

Inventory:

Hand Weapons
 a - a +0 trident (weapon)
Missiles
 c - 9 boomerangs
 o - 16 poisoned darts
Armour
 d - a +1 robe (worn)
Jewellery
 e - a ring of magical power (left hand)
 h - a ring of ice
Wands
 j - a wand of iceblast (10)
 k - a wand of light (3)
Scrolls
 f - 2 scrolls of teleportation
 i - a scroll of blinking
 q - a scroll of enchant armour
 s - a scroll of fear
Potions
 b - a potion of magic
 g - a potion of haste
 l - a potion of heal wounds
 m - 2 potions of mutation
 n - a potion of curing
 p - a potion of might {unknown}


   Skills:
 - Level 2.0 Dodging
 - Level 2.1 Stealth
 + Level 4.0 Spellcasting
 - Level 0.7 Transmutations
 - Level 8.0 Earth Magic


You had 10 spell levels left.
You knew the following spells:

 Your Spells              Type           Power      Damage    Failure   Level
a - Sandblast             Erth           64%        2d14      1%          1
b - Stone Arrow           Conj/Erth      36%        3d9       9%          3

Your spell library contained the following spells:

 Spells                   Type           Power      Damage    Failure   Level
 Passwall                 Tmut/Erth      15%        N/A       3%          2
 Slow                     Hex            12%        N/A       14%         1
 Petrify                  Tmut/Erth      19%        N/A       24%         4
 Confusing Touch          Hex            3%         N/A       41%         3
 Inner Flame              Hex/Fire       3%         N/A       41%         3
 Vampiric Draining        Necr           3%         2d6       41%         3
 Cause Fear               Hex            1%         N/A       82%         4
 Discord                  Hex            1%         N/A       100%        8


Dungeon Overview and Level Annotations

Branches:
Dungeon (4/15)
 Temple: D:4-7

Altars:
Cheibriados
Fedhas
Hepliaklqana
Ru
Yredelemnul

Shops:
D:4 ?(


Innate Abilities, Weirdness & Mutations

You are immune to sickness and miasma.
Your stone body is resilient. (AC +4)
You are immune to poison.
You resist negative energy. (rN+)
You are resistant to electric shocks. (rElec)
You are resistant to unholy torment.
You are immune to petrification.


Message History

The orc wizard flickers and vanishes!
Deactivating autopickup; reactivate with Ctrl-A.
The bullfrog snags a nearby moth with its tongue.
The bullfrog hits you but does no damage.
You bump into the rock wall.
You feel less confused. The bullfrog misses you.
Casting: Sandblast (safe; 1% risk of failure)
Confirm with . or Enter, or press ? or * to list all spells.
Aiming: Sandblast (safe; 1% risk of failure)
Press: ? - help, Shift-Dir - straight line, f - bullfrog
Aim: a bullfrog (77% to hit)
The blast of sand hits the bullfrog!!
The bullfrog is almost dead.
The bullfrog hits you.
The bullfrog hits you but does no damage.
The bullfrog hits you.
Casting: Sandblast (safe; 1% risk of failure)
Confirm with . or Enter, or press ? or * to list all spells.
Aiming: Sandblast (safe; 1% risk of failure)
Press: ? - help, Shift-Dir - straight line, f/p - bullfrog
Aim: a bullfrog (almost dead, 77% to hit)
The blast of sand hits the bullfrog!
You kill the bullfrog!
The orc priest calls down the wrath of Beogh upon you.
Beogh smites you!
You have reached level 7!
Casting: Sandblast (safe; 1% risk of failure)
Confirm with . or Enter, or press ? or * to list all spells.
Aiming: Sandblast (safe; 1% risk of failure)
Press: ? - help, Shift-Dir - straight line, f - orc priest
Aim: an orc priest, wielding a +2 falchion of distortion and wearing a +0 ring mail (84% to hit)
The blast of sand hits the orc priest!!
You kill the orc priest!
The orc warrior hits you with a +0 scimitar!
* * * LOW HITPOINT WARNING * * *
Your Spellcasting skill increases to level 4!
The orc warrior attacks as you move away!
The orc warrior hits you with a +0 scimitar!
You die...

#.......##....
#..#.##.......
#####.###.#.......
#....## ##....†##.
#.###.###.#.#####.
#.###..#.##.#####.
##
#.#...............
##.#
#.#.####.#.......#
..#...##@#.#
#.#.......#
......o#o#.#
#.#.......#
.........#.#
#.........#
.....o.###.#
###.......#
..#...# #.##
#.......# .....#
#..# #....####
....# ##.#
######... .... #.#
#... ..#
#.##########...


You could see an orc warrior.

Vanquished Creatures
  Sigmund (D:3)
  A bullfrog (D:6)
  A jelly (D:6)
  An orc priest (D:6)
  3 iguanas
  6 adders
  An adder zombie (D:2)
  An adder skeleton (D:2)
  A worm (D:4)
  4 dart slugs
  An orc (D:3)
  5 bats
  A bat skeleton (D:2)
  8 endoplasms
  2 giant cockroaches (D:3)
  5 goblins
  2 hobgoblins
  6 kobolds
  A quokka (D:1)
  3 ball pythons
  A ball python zombie (D:2)
  A frilled lizard (D:1)
  A jackal skeleton (D:2)
  2 rats
59 creatures vanquished.

Vanquished Creatures (others)
  8 withered plants (D:2)
8 creatures vanquished.

Grand Total: 67 creatures vanquished

Notes
Turn   | Place    | Note
-------+----------+-------------------------------------------
     0 | D:1      | wilfster70 the Gargoyle Earth Elementalist began the quest
                  | for the Orb.
     0 | D:1      | Reached XP level 1. HP: 10/10 MP: 3/3
   211 | D:1      | Reached skill level 4 in Earth Magic
   398 | D:1      | Reached XP level 2. HP: 15/15 MP: 1/5
   727 | D:2      | Found a basalt altar of Yredelemnul.
  1442 | D:2      | Reached XP level 3. HP: 19/19 MP: 4/6
  1457 | D:2      | Reached skill level 5 in Earth Magic
  1915 | D:2      | Found a faded altar of an unknown god.
  1978 | D:2      | Reached XP level 4. HP: 24/24 MP: 7/7
  2384 | D:3      | Upgraded the game from 0.29-a0-823-gc37b1572da to
                  | 0.29-a0-824-gd827844252
  2493 | D:3      | Found a hazy altar of Hepliaklqana.
  2526 | D:3      | Reached skill level 6 in Earth Magic
  2585 | D:3      | Found a sacrificial altar of Ru.
  2586 | D:3      | Noticed Sigmund
  2604 | D:3      | Killed Sigmund
  2605 | D:3      | Reached skill level 8 in Earth Magic
  2605 | D:3      | Reached XP level 5. HP: 26/28 MP: 8/8
  2605 | D:3      | Reached XP level 6. HP: 30/32 MP: 9/9
  2871 | D:4      | Learned a level 3 spell: Stone Arrow
  2953 | D:4      | Found Noudaev's Magic Scroll Shoppe.
  2957 | D:4      | Bought a scroll of noise for 10 gold pieces
  2957 | D:4      | Bought a scroll of enchant armour for 75 gold pieces
  2957 | D:4      | Bought a scroll of fear for 35 gold pieces
  3180 | D:4      | Found Punnorr's Weapon Shop.
  3331 | D:4      | You fall into a shaft and drop 2 floors!
  3433 | D:6      | Found a snail-covered altar of Cheibriados.
  3437 | D:6      | Found a blossoming altar of Fedhas.
  3506 | D:6      | Noticed an orc warrior
  3514 | D:6      | Reached XP level 7. HP: 20/36 MP: 12/12
  3515 | D:6      | Mangled by an orc warrior

Illustrated notes

Levels and vault maps discovered:
D:1:      dpeg_arrival_simpleton_c, layout_basic
D:2:      layout_basic, serial_undead, serial_undead_c, serial_undead_b,
          serial_undead_a, serial_undead_e, serial_undead_d,
          ebering_ecumenical_altar_rust, basic_altar
D:3:      layout_loops_ring, mainiacjoe_overflow_six_doors_small,
          nicolae_ru_awakened_eye, uniq_sigmund
D:4:      layout_loops_ring, doesnt_xom_only_xom, serial_shops,
          nicolae_shop_behind_doors, nicolae_shop_bloodbath_and_beyond
D:6:      layout_loops_cross, nicolae_overflow_hidden_temple, elyvilon_altar_4,
          hangedman_glass_teeth, kennysheep_generic_room_9

Skill      XL: |  1  2  3  4  5  6  7 |
---------------+----------------------+-----
Earth Magic    | 4 5 8 |  8.0
Dodging        | 2 |  2.0
Spellcasting   | 3 4 |  4.0
Stealth        | |  2.1
Transmutations | |  0.7

Action                   |  1- 3 |  4- 6 |  7- 9 || total
-------------------------+-------+-------+-------++-------
Melee: Dagger            |     4 |       |       ||     4
       Trident           |       |    11 |       ||    11
Throw: Boomerang         |     1 |       |       ||     1
 Cast: Sandblast         |    47 |    40 |     1 ||    88
  Use: Scroll            |     2 |     7 |       ||     9
Armor: Robe              |    16 |     8 |       ||    24
Dodge: Dodged            |    43 |    25 |       ||    68

Table legend: (Time is in decaauts)
 A = Elapsed time spent in this place.
 B = Non-inter-level travel time spent in this place.
 C = Inter-level travel time spent in this place.
 D = Time resting spent in this place.
 E = Time spent auto-exploring this place.
 F = Levels seen in this place.
 G = Mean time per level.
                   A        B        C        D        E       F      G
               +--------+--------+--------+--------+--------+-----+--------+
         Total |   3606 |   3515 |     91 |    527 |   2020 |   5 |  721.2 |
       Dungeon |   3606 |   3515 |     91 |    527 |   2020 |   5 |  721.2 |
               +--------+--------+--------+--------+--------+-----+--------+

Top non-repeatable levels by time:
     D:2: 1448 daAuts
     D:1: 735 daAuts
     D:3: 726 daAuts
     D:4: 505 daAuts
     D:6: 190 daAuts
